cohdb
Replays
Latest Replays
All Replays
Popular Replays
Top Player Replays
Match Explorer
How It Works
Community
CoH3 Stats
Reddit
Sign in to upload your games and track your stats! →
Sign in with Steam
Match 41881153
Unlisted
Match 41881153
Overview
Messages
Build Orders
End
Engineer Squad
Construct Barracks
Selects Armored Battlegroup
Selects Veteran Crews
1⁄4-ton 4x4 Truck
Riflemen Squad
Riflemen Squad
Riflemen Squad
Mechanized Support Center
Construct Weapon Support Center
M3 Armored Personnel Carrier
Designate Forward Repair Station
Selects Field Repairs
M3 Armored Personnel Carrier
.30 cal Machine Gun
Riflemen Squad
M1918 Browning Automatic Rifles
Selects War Machine
M3 Armored Personnel Carrier
.30 cal Machine Gun
Riflemen Squad
Construct Tank Depot
Selects Strength in Steel
M4A1 Sherman Medium Tank
Grenade Package
M4A1 Sherman Medium Tank
Selects Seek and Destroy
Selects UNKNOWN (2160077)
M4A1 Sherman Medium Tank
Salvage Crew
Improvised Armor
Engineer Squad
M4A1 76mm Conversion
M4A1(76) Sherman Medium Tank
Engineer Squad
JLODGE
danos1992
Saueee
Nachosguy
0
0
Comments
sign in to comment!
No comments posted yet!